Boisbriand Armada vs Hershey Bears

Created - 8 janvier 2020 at 12:25

Goals
1 2 3 T
Boisbriand Armada 0 0 1 1
Hershey Bears 2 2 1 5
Shots
1 2 3 T
Boisbriand Armada 5 10 15 30
Hershey Bears 14 12 9 35

1st period

1. Hershey Bears , Brett Howden 27 (Cory Conacher 36) at 13:49
2. Hershey Bears , Brendan Gaunce 13 (Colby Cave 25, Brett Howden 46) at 16:03

Penalties :
Julien Gauthier (ARM) for Hooking (Minor) at 2:14

2nd period

3. Hershey Bears , Cory Conacher 20 (Brett Howden 47, Matt Donovan 15) at 1:14
4. Hershey Bears , Cory Conacher 21 (Brett Howden 48) at 14:30

Penalties :
Matt Donovan (BEA) for Holding Stick (Minor) at 1:50, Julien Gauthier (ARM) for Goalie Interference (Minor) at 8:13, Julien Gauthier (ARM) for Roughing (Minor) at 18:35

3rd period

5. Hershey Bears , Boo Nieves 12 (Riley Stillman 11) at 4:52
6. Boisbriand Armada , Adam Erne 20 (Jason Garrison 1) at 9:52

Penalties :
Zach Redmond (ARM) for Tripping (Minor) at 2:36, Cory Conacher (BEA) for Fighting (Major) at 4:57, Taylor Raddysh (ARM) for Fighting (Major) at 4:57, Jarred Tinordi (ARM) for Hooking (Minor) at 7:18, Brett Pollock (BEA) for Fighting (Major) at 10:48, Julien Gauthier (ARM) for Fighting (Major) at 10:48, Teddy Blueger (BEA) for Unsportsmanlike conduct (Minor) at 19:34

Goalie Stats

Keith Kinkaid (ARM), 30 saves from 35 shots - (0,857), L, 13-3-2, 60:00 minutes
Devin Williams (BEA), 29 saves from 30 shots - (0,967), W, 14-8-2, 60:00 minutes

Players Stats for Boisbriand Armada

Player Name              G  A  P  +/- PIM S  H  SB GA TA FO     MP     PP MP  PK MP  
------------------------------------------------------------------------------------
Adam Erne                1  0  1  -1  0   4  2  0  0  0  0/3    19:31   0:57   2:42 
Alex Barre-Boulet        0  0  0  -1  0   0  3  0  0  0  8/14   16:51   0:57   0:00 
Alexandre Fortin         0  0  0  -2  0   5  0  0  0  1  1/1    14:45   0:00   1:09 
Anthony Richard          0  0  0  -2  0   6  1  0  0  2  1/7    12:57   0:00   0:00 
Chris Wideman            0  0  0   0  0   0  0  0  0  0  0/0     8:30   0:00   0:00 
Conor Garland            0  0  0  -1  0   3  2  0  2  0  6/10   24:56   1:24   6:04 
Haydn Fleury             0  0  0   0  0   0  1  0  0  1  0/0     9:39   0:00   1:04 
Jarred Tinordi           0  0  0  -1  2   0  0  1  0  0  0/0     5:47   0:00   0:00 
Jason Garrison           0  1  1  -1  0   3  1  1  0  0  0/0    19:14   0:54   4:33 
Jeremy Lauzon            0  0  0  -1  0   0  0  0  0  0  0/0     5:56   0:00   0:12 
John Gilmour             0  0  0  -2  0   1  1  1  1  1  0/0    26:32   1:30   5:22 
Julien Gauthier          0  0  0  -2  11  2  1  1  1  1  1/1    12:21   0:03   0:00 
Mathieu Joseph           0  0  0  -1  0   3  0  0  1  0  2/3    24:56   1:24   6:04 
Max Jones                0  0  0   0  0   0  0  0  0  0  1/2     5:28   0:03   1:09 
Otto Koivula             0  0  0  -1  0   1  2  0  0  0  0/0    19:38   0:57   2:42 
Samuel Blais             0  0  0   0  0   0  0  0  0  0  0/0     2:35   0:00   0:00 
Taylor Raddysh           0  0  0  -1  5   1  1  0  0  0  16/29  15:53   1:27   0:00 
Xavier Ouellet           0  0  0  -1  0   0  2  2  0  0  0/0    19:14   0:54   4:33 
Zach Redmond             0  0  0  -2  2   1  1  0  0  1  0/0    25:15   1:30   4:06 

Players Stats for Hershey Bears

Player Name              G  A  P  +/- PIM S  H  SB GA TA FO     MP     PP MP  PK MP  
------------------------------------------------------------------------------------
Boo Nieves               1  0  1   1  0   3  3  0  0  0  0/4     8:24   0:00   0:07 
Brendan Gaunce           1  0  1   0  0   5  1  1  0  0  9/20   18:28   4:24   0:46 
Brett Howden             1  3  4   3  0   6  2  0  0  0  18/33  23:02   5:31   0:00 
Brett Pollock            0  0  0   1  5   0  1  0  0  0  0/0     7:19   0:00   0:00 
Colby Cave               0  1  1   0  0   4  0  0  0  0  2/2    14:34   0:00   1:20 
Colby Sissons            0  0  0   3  0   0  1  0  0  1  0/0    12:26   0:00   0:00 
Cory Conacher            2  1  3   3  5   8  1  1  2  0  0/3    20:46   4:19   0:07 
Dalton Prout             0  0  0   1  0   0  3  2  0  0  0/0    25:30   4:04   1:21 
Igor Ozhiganov           0  0  0  -1  0   0  3  1  0  0  0/0    20:22   4:04   1:03 
Marian Studenic          0  0  0   0  0   0  1  0  0  0  0/0    10:31   0:00   0:59 
Matheson Iacopelli       0  0  0   1  0   0  0  0  0  0  0/0     8:01   0:00   0:00 
Matt Donovan             0  1  1   0  2   0  1  0  2  1  0/0    21:27   5:51   0:00 
Nick DeSimone            0  0  0   2  0   2  2  1  2  0  0/0    27:21   5:51   1:21 
Nicolas Roy              0  0  0   0  0   4  1  0  0  0  2/4    11:44   1:20   0:23 
Riley Stillman           0  1  1   3  0   0  2  0  0  0  0/0    12:55   0:00   1:03 
Ross Colton              0  0  0   0  0   0  2  0  0  1  1/1    13:17   4:24   0:00 
Teddy Blueger            0  0  0   3  2   1  3  0  1  2  1/1    23:43   5:23   1:06 
Travis St. Denis         0  0  0   0  0   2  3  0  0  0  1/2    17:42   4:24   0:00 

3 Stars

1 - Brett Howden (BEA)
2 - Cory Conacher (BEA)
3 - Devin Williams (BEA)

Power Play

Boisbriand Armada - 0 on 2 Attempt(s) - 0,00%
Hershey Bears - 0 on 5 Attempt(s) - 0,00%

Penalty Kill

Boisbriand Armada - 5 on 5 Attempt(s) - 100,00% - Score 0 goal in Penalty Kill
Hershey Bears - 2 on 2 Attempt(s) - 100,00% - Score 0 goal in Penalty Kill

Team Stat

Boisbriand Armada - Hits : 18 - Faceoff Wins : 36 - Blocked Shots : 6 - Penalty Minutes : 20
Hershey Bears - Hits : 30 - Faceoff Wins : 34 - Blocked Shots : 6 - Penalty Minutes : 14

Official

Referees : Brad Watson and Kendrick Nicholson
Linesman : Derek Amell and Mike Cvik

Game Notes

Cory Conacher and Taylor Raddysh fight to a draw at 4:57 of 3rd period
Brett Pollock and Julien Gauthier fight to a draw at 10:48 of 3rd period

Finance

Level 1 -- Attendance: 1504 (75,20%) -- Ticket Income 52 640 $
Level 2 -- Attendance: 842 (84,20%) -- Ticket Income 12 630 $
Total Attendance: 2346 (78,20%)
Total Ticket Income: 65 270 $
Other Income: 31 982 $
Total Income: 97 252 $

Boisbriand Armada

5 vs 5 Forward 
   Center                   Left Wing                Right Wing               Time % Phy DF OF 
 1 Taylor Raddysh           Conor Garland            Mathieu Joseph           40     1   2  2  
 2 Alex Barre-Boulet        Adam Erne                Otto Koivula             30     1   2  2  
 3 Anthony Richard          Alexandre Fortin         Julien Gauthier          20     1   2  2  
 4 Conor Garland            Samuel Blais             Mathieu Joseph           10     1   2  2  

5 vs 5 Defense 
   Defense                  Defense                                           Time % Phy DF OF 
 1 Zach Redmond             John Gilmour                                      40     1   2  2  
 2 Xavier Ouellet           Jason Garrison                                    30     1   2  2  
 3 Chris Wideman            Haydn Fleury                                      20     1   2  2  
 4 Jeremy Lauzon            Jarred Tinordi                                    10     1   2  2  

PowerPlay Forward 
   Center                   Left Wing                Right Wing               Time % Phy DF OF 
 1 Taylor Raddysh           Conor Garland            Mathieu Joseph           60     1   2  2  
 2 Alex Barre-Boulet        Adam Erne                Otto Koivula             40     1   2  2  

PowerPlay Defense
   Defense                  Defense                                           Time % Phy DF OF 
 1 Zach Redmond             John Gilmour                                      60     1   2  2  
 2 Xavier Ouellet           Jason Garrison                                    40     1   2  2  

Penalty Kill 4 Players Forward 
   Center                   Wing                     Time % Phy DF OF 
 1 Conor Garland            Mathieu Joseph           60     1   2  2  
 2 Adam Erne                Otto Koivula             40     1   2  2  

Penalty Kill 4 Players Defense
   Defense                  Defense                  Time % Phy DF OF 
 1 Zach Redmond             John Gilmour             60     1   2  2  
 2 Xavier Ouellet           Jason Garrison           40     1   2  2  

Penalty Kill - 3 Players Forward 
   Forward                                           Time % Phy DF OF 
 1 Conor Garland                                     60     1   2  2  
 2 Mathieu Joseph                                    40     1   2  2  

Penalty Kill - 3 Players Defense
   Defense                  Defense                  Time % Phy DF OF 
 1 Zach Redmond             John Gilmour             60     1   2  2  
 2 Xavier Ouellet           Jason Garrison           40     1   2  2  

4 vs 4 Forward 
   Center                   Wing                     Time % Phy DF OF 
 1 Conor Garland            Mathieu Joseph           60     1   2  2  
 2 Adam Erne                Otto Koivula             40     1   2  2  

4 vs 4 Defense
   Defense                  Defense                  Time % Phy DF OF 
 1 Zach Redmond             John Gilmour             60     1   2  2  
 2 Xavier Ouellet           Jason Garrison           40     1   2  2  

Last Minutes Offensive
   Center                   Left Wing                Right Wing               Defense                  Defense                  
   Taylor Raddysh           Conor Garland            Mathieu Joseph           Zach Redmond             John Gilmour             

Last Minutes Defensive
   Center                   Left Wing                Right Wing               Defense                  Defense                  
   Taylor Raddysh           Conor Garland            Mathieu Joseph           Zach Redmond             John Gilmour             

Goaltenders
Starting : Keith Kinkaid            
Backup : Unknown Goalie           

Extra Forwards
Normal : Max Jones, Julien Gauthier, Alexandre Fortin - PP : Max Jones, Julien Gauthier - PK : Alexandre Fortin
Extra Defensemen
Normal : Chris Wideman, Haydn Fleury, Jeremy Lauzon - PP : Chris Wideman - PK : Haydn Fleury, Jeremy Lauzon
Penalty Shots
Conor Garland, Mathieu Joseph, Adam Erne, Otto Koivula, Taylor Raddysh

Scratches
Charles Hudon (Healthy), Daniel Audette (Healthy), Wade Megan (Healthy), Dominic Turgeon (Healthy), Carsen Twarynski (Healthy)
Jakob Forsbacka Karlsson (Healthy), Jimmy Oligny (Healthy), Cameron Hebig (Healthy), Gabriel Gagne (Healthy), Travis Barron (Healthy)
Jean-Christophe Beaudin (Healthy), Olivier Archambault (Healthy), Ondrej Vala (Healthy), Grant Besse (Healthy)

Hershey Bears

5 vs 5 Forward 
   Center                   Left Wing                Right Wing               Time % Phy DF OF 
 1 Brett Howden             Cory Conacher            Teddy Blueger            40     0   1  4  
 2 Brendan Gaunce           Colby Cave               Travis St. Denis         30     0   1  4  
 3 Nicolas Roy              Ross Colton              Marian Studenic          20     0   2  3  
 4 Boo Nieves               Matheson Iacopelli       Brett Pollock            10     0   2  3  

5 vs 5 Defense 
   Defense                  Defense                                           Time % Phy DF OF 
 1 Dalton Prout             Nick DeSimone                                     42     0   2  3  
 2 Igor Ozhiganov           Matt Donovan                                      33     0   2  3  
 3 Riley Stillman           Colby Sissons                                     25     0   2  3  
 4 Nick DeSimone            Colby Sissons                                     0      1   2  2  

PowerPlay Forward 
   Center                   Left Wing                Right Wing               Time % Phy DF OF 
 1 Brett Howden             Teddy Blueger            Cory Conacher            60     0   0  5  
 2 Brendan Gaunce           Ross Colton              Travis St. Denis         40     0   1  4  

PowerPlay Defense
   Defense                  Defense                                           Time % Phy DF OF 
 1 Nick DeSimone            Matt Donovan                                      60     0   1  4  
 2 Dalton Prout             Igor Ozhiganov                                    40     0   1  4  

Penalty Kill 4 Players Forward 
   Center                   Wing                     Time % Phy DF OF 
 1 Colby Cave               Teddy Blueger            60     0   4  1  
 2 Boo Nieves               Brendan Gaunce           40     0   4  1  

Penalty Kill 4 Players Defense
   Defense                  Defense                  Time % Phy DF OF 
 1 Nick DeSimone            Dalton Prout             60     0   4  1  
 2 Matt Donovan             Igor Ozhiganov           40     0   4  1  

Penalty Kill - 3 Players Forward 
   Forward                                           Time % Phy DF OF 
 1 Teddy Blueger                                     60     0   5  0  
 2 Colby Cave                                        40     0   5  0  

Penalty Kill - 3 Players Defense
   Defense                  Defense                  Time % Phy DF OF 
 1 Nick DeSimone            Dalton Prout             60     1   4  0  
 2 Matt Donovan             Igor Ozhiganov           40     1   4  0  

4 vs 4 Forward 
   Center                   Wing                     Time % Phy DF OF 
 1 Brett Howden             Teddy Blueger            60     0   1  4  
 2 Brendan Gaunce           Nicolas Roy              40     0   2  3  

4 vs 4 Defense
   Defense                  Defense                  Time % Phy DF OF 
 1 Nick DeSimone            Matt Donovan             60     0   1  4  
 2 Dalton Prout             Igor Ozhiganov           40     0   2  3  

Last Minutes Offensive
   Center                   Left Wing                Right Wing               Defense                  Defense                  
   Ross Colton              Teddy Blueger            Cory Conacher            Nick DeSimone            Matt Donovan             

Last Minutes Defensive
   Center                   Left Wing                Right Wing               Defense                  Defense                  
   Brett Howden             Colby Cave               Teddy Blueger            Dalton Prout             Nick DeSimone            

Goaltenders
Starting : Devin Williams           
Backup : Mike McKenna             

Extra Forwards
Normal : Nicolas Roy, Boo Nieves, Marian Studenic - PP : Nicolas Roy, Boo Nieves - PK : Marian Studenic
Extra Defensemen
Normal : Riley Stillman, Colby Sissons, Matt Donovan - PP : Riley Stillman - PK : Dalton Prout, Matt Donovan
Penalty Shots
Colby Cave, Brendan Gaunce, Cory Conacher, Nicolas Roy, Travis St. Denis

Scratches
Parker Wotherspoon (Healthy), Etienne Marcoux (Healthy)

% Time on Ice - Boisbriand Armada

Lines # - Real PCT - Wanted PCT - Time Play
Normal Forward
1 - 34% - 40% - 16:10
2 - 34% - 30% - 15:59
3 - 27% - 20% - 12:57
4 - 5% - 10% - 2:35
Normal Defense
1 - 41% - 40% - 19:40
2 - 29% - 30% - 13:47
3 - 18% - 20% - 8:30
4 - 12% - 10% - 5:44
PP Forward
1 - 60% - 60% - 1:27
2 - 40% - 40% - 0:57
PP Defense
1 - 63% - 60% - 1:30
2 - 38% - 40% - 0:54
PK Forward
1 - 73% - 60% - 7:13
2 - 27% - 40% - 2:42
PK Defense
1 - 54% - 60% - 5:22
2 - 46% - 40% - 4:33
PK3 Forward
1 - 0% - 60%
2 - 0% - 40%
PK3 Defense
1 - 0% - 60%
2 - 0% - 40%
44 Forward
1 - 0% - 60%
2 - 0% - 40%
44 Defense
1 - 0% - 60%
2 - 0% - 40%
Last Minute Offensive  - 0:00
Last Minute Defensive  - 0:00
Total
Forward - 60:00
Defense - 60:00

% Time on Ice - Hershey Bears

Lines # - Real PCT - Wanted PCT - Time Play
Normal Forward
1 - 37% - 40% - 17:33
2 - 28% - 30% - 13:18
3 - 18% - 20% - 8:49
4 - 17% - 10% - 8:01
Normal Defense
1 - 42% - 42% - 20:00
2 - 33% - 33% - 15:40
3 - 25% - 25% - 11:52
4 - 0% - 0% - 0:09
PP Forward
1 - 56% - 60% - 5:31
2 - 44% - 40% - 4:24
PP Defense
1 - 59% - 60% - 5:51
2 - 41% - 40% - 4:04
PK Forward
1 - 95% - 60% - 2:17
2 - 5% - 40% - 0:07
PK Defense
1 - 56% - 60% - 1:21
2 - 44% - 40% - 1:03
PK3 Forward
1 - 0% - 60%
2 - 0% - 40%
PK3 Defense
1 - 0% - 60%
2 - 0% - 40%
44 Forward
1 - 0% - 60%
2 - 0% - 40%
44 Defense
1 - 0% - 60%
2 - 0% - 40%
Last Minute Offensive  - 0:00
Last Minute Defensive  - 0:00
Total
Forward - 60:00
Defense - 60:00

Play-by-Play

1st period


0:01 of 1st period - Taylor Raddysh wins face-off versus Cory Conacher in neutral zone.
0:15 of 1st period - Off-side.
0:16 of 1st period - Alex Barre-Boulet wins face-off versus Brendan Gaunce in neutral zone.
0:39 of 1st period - Icing by Colby Cave.
0:40 of 1st period - Nicolas Roy wins face-off versus Anthony Richard in Hershey Bears zone.
0:47 of 1st period - Alexandre Fortin is hit by Ross Colton and loses puck.
1:06 of 1st period - Snap shot by Cory Conacher.
1:06 of 1st period - Stopped by Keith Kinkaid without a rebound.
1:07 of 1st period - Brett Howden wins face-off versus Taylor Raddysh in Boisbriand Armada zone.
1:10 of 1st period - Wrist shot by Cory Conacher.
1:10 of 1st period - Stopped by Keith Kinkaid without a rebound.
1:11 of 1st period - Taylor Raddysh wins face-off versus Boo Nieves in Boisbriand Armada zone.
2:14 of 1st period - Minor Penalty to Julien Gauthier for Hooking.
2:15 of 1st period - Conor Garland wins face-off versus Brett Howden in Boisbriand Armada zone.
2:30 of 1st period - Snap shot by Brett Howden.
2:30 of 1st period - Shot Blocked by Xavier Ouellet.
3:59 of 1st period - Brendan Gaunce is hit by Adam Erne and loses puck.
4:14 of 1st period - Penalty to Julien Gauthier is over, Julien Gauthier is back on ice.
4:28 of 1st period - Anthony Richard is hit by Boo Nieves and loses puck.
4:49 of 1st period - Wrist shot by Nicolas Roy.
4:49 of 1st period - Stopped by Keith Kinkaid with a rebound.
5:43 of 1st period - Slapshot by Travis St. Denis.
5:43 of 1st period - Stopped by Keith Kinkaid with a rebound.
6:23 of 1st period - Julien Gauthier is hit by Brett Pollock.
7:09 of 1st period - Marian Studenic is hit by Anthony Richard and loses puck.
7:26 of 1st period - Max Jones is hit by Riley Stillman and loses puck.
8:03 of 1st period - Mathieu Joseph is hit by Dalton Prout and loses puck.
9:08 of 1st period - Ross Colton is hit by Xavier Ouellet and loses puck.
9:32 of 1st period - Icing by Xavier Ouellet.
9:33 of 1st period - Max Jones wins face-off versus Brett Howden in Boisbriand Armada zone.
10:05 of 1st period - Snap shot by Anthony Richard.
10:05 of 1st period - Stopped by Devin Williams with a rebound.
11:14 of 1st period - Icing by Brendan Gaunce.
11:15 of 1st period - Alex Barre-Boulet wins face-off versus Nicolas Roy in Hershey Bears zone.
11:24 of 1st period - Alex Barre-Boulet is hit by Marian Studenic and loses puck.
12:02 of 1st period - Slapshot by Brendan Gaunce.
12:02 of 1st period - Shot Blocked by Jarred Tinordi.
12:11 of 1st period - Icing by Alexandre Fortin.
12:12 of 1st period - Taylor Raddysh wins face-off versus Boo Nieves in Boisbriand Armada zone.
12:19 of 1st period - Slapshot by Mathieu Joseph.
12:19 of 1st period - Shot Misses the Net.
12:37 of 1st period - Wrist shot by Adam Erne.
12:37 of 1st period - Shot Misses the Net.
13:17 of 1st period - Anthony Richard is hit by Nicolas Roy and loses puck.
13:32 of 1st period - Snap shot by Anthony Richard.
13:32 of 1st period - Stopped by Devin Williams without a rebound.
13:33 of 1st period - Brett Howden wins face-off versus Taylor Raddysh in Hershey Bears zone.
13:33 of 1st period - Brett Howden is hit by John Gilmour.
13:49 of 1st period - Snap shot by Brett Howden.
13:49 of 1st period - Goal by Brett Howden - Boisbriand Armada : 0 - Hershey Bears : 1.
13:50 of 1st period - Taylor Raddysh wins face-off versus Cory Conacher in neutral zone.
13:55 of 1st period - Wrist shot by Conor Garland.
13:55 of 1st period - Deflect By Brett Howden.
13:55 of 1st period - Shot Misses the Net.
13:55 of 1st period - Puck is out of play.
13:56 of 1st period - Brett Howden wins face-off versus Taylor Raddysh in Hershey Bears zone.
14:07 of 1st period - Snap shot by Taylor Raddysh.
14:07 of 1st period - Stopped by Devin Williams with a rebound.
14:29 of 1st period - Wrist shot by Brendan Gaunce.
14:29 of 1st period - Stopped by Keith Kinkaid with a rebound.
14:31 of 1st period - Snap shot by Brendan Gaunce.
14:31 of 1st period - Shot Misses the Net.
14:45 of 1st period - Slapshot by Alexandre Fortin.
14:45 of 1st period - Stopped by Devin Williams without a rebound.
14:46 of 1st period - Brett Howden wins face-off versus Anthony Richard in Hershey Bears zone.
15:13 of 1st period - Wrist shot by Nicolas Roy.
15:13 of 1st period - Stopped by Keith Kinkaid without a rebound.
15:14 of 1st period - Taylor Raddysh wins face-off versus Nicolas Roy in Boisbriand Armada zone.
15:25 of 1st period - Mathieu Joseph is hit by Ross Colton and loses puck.
15:40 of 1st period - Brett Howden is hit by Alex Barre-Boulet and loses puck.
16:03 of 1st period - Slapshot by Brendan Gaunce.
16:03 of 1st period - Goal by Brendan Gaunce - Boisbriand Armada : 0 - Hershey Bears : 2.
16:04 of 1st period - Taylor Raddysh wins face-off versus Brett Howden in neutral zone.
16:13 of 1st period - Slapshot by Brett Howden.
16:13 of 1st period - Stopped by Keith Kinkaid without a rebound.
16:14 of 1st period - Taylor Raddysh wins face-off versus Brett Howden in Boisbriand Armada zone.
16:32 of 1st period - Icing by Jason Garrison.
16:33 of 1st period - Taylor Raddysh wins face-off versus Brendan Gaunce in Boisbriand Armada zone.
16:35 of 1st period - Icing by Conor Garland.
16:36 of 1st period - Travis St. Denis wins face-off versus Taylor Raddysh in Boisbriand Armada zone.
17:03 of 1st period - Wrist shot by Cory Conacher.
17:03 of 1st period - Stopped by Keith Kinkaid without a rebound.
17:04 of 1st period - Alex Barre-Boulet wins face-off versus Brett Howden in Boisbriand Armada zone.
17:23 of 1st period - Otto Koivula is hit by Teddy Blueger.
17:27 of 1st period - John Gilmour is hit by Dalton Prout.
17:59 of 1st period - Off-side.
18:00 of 1st period - Brendan Gaunce wins face-off versus Taylor Raddysh in neutral zone.
18:03 of 1st period - Wrist shot by Colby Cave.
18:03 of 1st period - Stopped by Keith Kinkaid without a rebound.
18:04 of 1st period - Taylor Raddysh wins face-off versus Brendan Gaunce in Boisbriand Armada zone.
18:13 of 1st period - Icing by Travis St. Denis.
18:14 of 1st period - Taylor Raddysh wins face-off versus Travis St. Denis in Hershey Bears zone.
18:37 of 1st period - Snap shot by Colby Cave.
18:37 of 1st period - Stopped by Keith Kinkaid without a rebound.
18:38 of 1st period - Brett Howden wins face-off versus Anthony Richard in Boisbriand Armada zone.
18:43 of 1st period - Wrist shot by Brett Howden.
18:43 of 1st period - Stopped by Keith Kinkaid without a rebound.
18:44 of 1st period - Taylor Raddysh wins face-off versus Brett Howden in Boisbriand Armada zone.
18:44 of 1st period - Taylor Raddysh is hit by Brett Howden.
18:50 of 1st period - Conor Garland is hit by Teddy Blueger and loses puck.
19:09 of 1st period - Snap shot by Adam Erne.
19:09 of 1st period - Stopped by Devin Williams without a rebound.
19:10 of 1st period - Brendan Gaunce wins face-off versus Alex Barre-Boulet in Hershey Bears zone.
19:17 of 1st period - Snap shot by Colby Cave.
19:17 of 1st period - Stopped by Keith Kinkaid with a rebound.
19:25 of 1st period - Brendan Gaunce is hit by Alex Barre-Boulet and loses puck.
19:42 of 1st period - Wrist shot by Conor Garland.
19:42 of 1st period - Deflect By Mathieu Joseph.
19:42 of 1st period - Shot Misses the Net.
19:42 of 1st period - Puck is out of play.
19:43 of 1st period - Brett Howden wins face-off versus Taylor Raddysh in Hershey Bears zone.
Goals for this period are 0 for Boisbriand Armada vs 2 for Hershey Bears.
Shots for this period are 5 for Boisbriand Armada vs 14 for Hershey Bears.

2nd period


0:01 of 2nd period - Brendan Gaunce wins face-off versus Mathieu Joseph in neutral zone.
0:08 of 2nd period - Snap shot by Brendan Gaunce.
0:08 of 2nd period - Shot Misses the Net.
0:43 of 2nd period - Brett Howden is hit by Otto Koivula and loses puck.
0:50 of 2nd period - Dalton Prout is hit by Alex Barre-Boulet and loses puck.
1:10 of 2nd period - Backhand shot by Brett Howden.
1:10 of 2nd period - Stopped by Keith Kinkaid with a rebound.
1:14 of 2nd period - Wrist shot by Cory Conacher.
1:14 of 2nd period - Goal by Cory Conacher - Boisbriand Armada : 0 - Hershey Bears : 3.
1:15 of 2nd period - Mathieu Joseph wins face-off versus Brendan Gaunce in neutral zone.
1:40 of 2nd period - Conor Garland is hit by Boo Nieves and loses puck.
1:50 of 2nd period - Minor Penalty to Matt Donovan for Holding Stick.
1:51 of 2nd period - Colby Cave wins face-off versus Alex Barre-Boulet in Hershey Bears zone.
3:50 of 2nd period - Penalty to Matt Donovan is over, Matt Donovan is back on ice.
3:55 of 2nd period - Wrist shot by Boo Nieves.
3:55 of 2nd period - Stopped by Keith Kinkaid with a rebound.
4:07 of 2nd period - Brett Pollock is hit by Julien Gauthier and loses puck.
4:24 of 2nd period - Alexandre Fortin is hit by Cory Conacher and loses puck.
4:31 of 2nd period - Snap shot by Cory Conacher.
4:31 of 2nd period - Stopped by Keith Kinkaid without a rebound.
4:32 of 2nd period - Brendan Gaunce wins face-off versus Alex Barre-Boulet in Boisbriand Armada zone.
4:33 of 2nd period - Snap shot by Colby Cave.
4:33 of 2nd period - Stopped by Keith Kinkaid without a rebound.
4:34 of 2nd period - Alex Barre-Boulet wins face-off versus Brendan Gaunce in Boisbriand Armada zone.
4:49 of 2nd period - Wrist shot by Adam Erne.
4:49 of 2nd period - Shot Misses the Net.
6:37 of 2nd period - Anthony Richard is hit by Matt Donovan and loses puck.
7:40 of 2nd period - John Gilmour is hit by Colby Sissons and loses puck.
8:08 of 2nd period - Slapshot by Nicolas Roy.
8:08 of 2nd period - Shot Misses the Net.
8:13 of 2nd period - Minor Penalty to Julien Gauthier for Goalie Interference.
8:14 of 2nd period - Conor Garland wins face-off versus Brett Howden in Boisbriand Armada zone.
8:14 of 2nd period - Conor Garland is hit by Brett Howden.
8:29 of 2nd period - Wrist shot by Brett Howden.
8:29 of 2nd period - Shot Misses the Net.
8:47 of 2nd period - Wrist shot by Travis St. Denis.
8:47 of 2nd period - Stopped by Keith Kinkaid without a rebound.
8:48 of 2nd period - Brendan Gaunce wins face-off versus Conor Garland in Boisbriand Armada zone.
10:11 of 2nd period - Slapshot by Alexandre Fortin.
10:11 of 2nd period - Stopped by Devin Williams without a rebound.
10:12 of 2nd period - Alexandre Fortin wins face-off versus Brendan Gaunce in Hershey Bears zone.
10:13 of 2nd period - Penalty to Julien Gauthier is over, Julien Gauthier is back on ice.
11:21 of 2nd period - Brendan Gaunce is hit by Adam Erne and loses puck.
11:38 of 2nd period - Matheson Iacopelli is hit by Xavier Ouellet and loses puck.
12:15 of 2nd period - John Gilmour is hit by Dalton Prout and loses puck.
12:38 of 2nd period - Snap shot by Boo Nieves.
12:38 of 2nd period - Stopped by Keith Kinkaid without a rebound.
12:39 of 2nd period - Brett Howden wins face-off versus Taylor Raddysh in Boisbriand Armada zone.
12:54 of 2nd period - Brett Howden is hit by Conor Garland and loses puck.
13:09 of 2nd period - Wrist shot by Adam Erne.
13:09 of 2nd period - Stopped by Devin Williams without a rebound.
13:10 of 2nd period - Brendan Gaunce wins face-off versus Adam Erne in Hershey Bears zone.
13:39 of 2nd period - Wrist shot by Anthony Richard.
13:39 of 2nd period - Stopped by Devin Williams without a rebound.
13:40 of 2nd period - Brett Howden wins face-off versus Anthony Richard in Hershey Bears zone.
13:47 of 2nd period - Snap shot by Anthony Richard.
13:47 of 2nd period - Stopped by Devin Williams with a rebound.
13:49 of 2nd period - Snap shot by Anthony Richard.
13:49 of 2nd period - Shot Misses the Net.
13:51 of 2nd period - Snap shot by Anthony Richard.
13:51 of 2nd period - Shot Blocked by Igor Ozhiganov.
13:53 of 2nd period - Wrist shot by Alexandre Fortin.
13:53 of 2nd period - Stopped by Devin Williams without a rebound.
13:54 of 2nd period - Taylor Raddysh wins face-off versus Brendan Gaunce in Hershey Bears zone.
13:57 of 2nd period - Snap shot by Mathieu Joseph.
13:57 of 2nd period - Stopped by Devin Williams with a rebound.
13:59 of 2nd period - Snap shot by Conor Garland.
13:59 of 2nd period - Stopped by Devin Williams with a rebound.
14:01 of 2nd period - Slapshot by Jason Garrison.
14:01 of 2nd period - Stopped by Devin Williams with a rebound.
14:03 of 2nd period - Snap shot by Conor Garland.
14:03 of 2nd period - Shot Blocked by Dalton Prout.
14:07 of 2nd period - Snap shot by Mathieu Joseph.
14:07 of 2nd period - Shot Blocked by Brendan Gaunce.
14:09 of 2nd period - Slapshot by Jason Garrison.
14:09 of 2nd period - Stopped by Devin Williams with a rebound.
14:30 of 2nd period - Wrist shot by Brett Howden.
14:30 of 2nd period - Deflect By Cory Conacher.
14:30 of 2nd period - Goal by Cory Conacher - Boisbriand Armada : 0 - Hershey Bears : 4.
14:31 of 2nd period - Teddy Blueger wins face-off versus Taylor Raddysh in neutral zone.
14:34 of 2nd period - Snap shot by Nick DeSimone.
14:34 of 2nd period - Deflect By John Gilmour.
14:34 of 2nd period - Stopped by Keith Kinkaid without a rebound.
14:35 of 2nd period - Brett Howden wins face-off versus Taylor Raddysh in Boisbriand Armada zone.
14:38 of 2nd period - Snap shot by Brett Howden.
14:38 of 2nd period - Shot Misses the Net.
14:40 of 2nd period - Slapshot by Teddy Blueger.
14:40 of 2nd period - Deflect By Cory Conacher.
14:40 of 2nd period - Stopped by Keith Kinkaid with a rebound.
14:42 of 2nd period - Wrist shot by Cory Conacher.
14:42 of 2nd period - Stopped by Keith Kinkaid with a rebound.
14:44 of 2nd period - Slapshot by Nick DeSimone.
14:44 of 2nd period - Shot Misses the Net.
14:46 of 2nd period - Slapshot by Dalton Prout.
14:46 of 2nd period - Deflect By Teddy Blueger.
14:46 of 2nd period - Shot Misses the Net.
14:46 of 2nd period - Puck is out of play.
14:47 of 2nd period - Brett Howden wins face-off versus Taylor Raddysh in Boisbriand Armada zone.
15:00 of 2nd period - Snap shot by Brett Howden.
15:00 of 2nd period - Stopped by Keith Kinkaid with a rebound.
16:22 of 2nd period - Snap shot by Mathieu Joseph.
16:22 of 2nd period - Shot Blocked by Nick DeSimone.
16:24 of 2nd period - Slapshot by Mathieu Joseph.
16:24 of 2nd period - Stopped by Devin Williams with a rebound.
16:58 of 2nd period - Snap shot by Nicolas Roy.
16:58 of 2nd period - Shot Misses the Net.
17:29 of 2nd period - Alexandre Fortin is hit by Brendan Gaunce and loses puck.
18:22 of 2nd period - Julien Gauthier is hit by Igor Ozhiganov and loses puck.
18:35 of 2nd period - Minor Penalty to Julien Gauthier for Roughing.
18:36 of 2nd period - Conor Garland wins face-off versus Brett Howden in Boisbriand Armada zone.
18:45 of 2nd period - Jason Garrison is hit by Nick DeSimone and loses puck.
19:15 of 2nd period - Off-side.
19:16 of 2nd period - Brendan Gaunce wins face-off versus Adam Erne in neutral zone.
19:18 of 2nd period - Off-side.
19:19 of 2nd period - Ross Colton wins face-off versus Conor Garland in neutral zone.
19:30 of 2nd period - John Gilmour is hit by Igor Ozhiganov and loses puck.
Goals for this period are 0 for Boisbriand Armada vs 2 for Hershey Bears.
Shots for this period are 10 for Boisbriand Armada vs 12 for Hershey Bears.

3rd period


0:01 of 3rd period - Brett Howden wins face-off versus Conor Garland in neutral zone.
0:10 of 3rd period - Wrist shot by Mathieu Joseph.
0:10 of 3rd period - Stopped by Devin Williams without a rebound.
0:11 of 3rd period - Conor Garland wins face-off versus Cory Conacher in Hershey Bears zone.
0:26 of 3rd period - Snap shot by Conor Garland.
0:26 of 3rd period - Stopped by Devin Williams with a rebound.
0:35 of 3rd period - Penalty to Julien Gauthier is over, Julien Gauthier is back on ice.
0:38 of 3rd period - John Gilmour is hit by Travis St. Denis and loses puck.
0:45 of 3rd period - Slapshot by Brendan Gaunce.
0:45 of 3rd period - Shot Blocked by Julien Gauthier.
0:47 of 3rd period - Snap shot by Brendan Gaunce.
0:47 of 3rd period - Shot Misses the Net.
1:26 of 3rd period - Teddy Blueger is hit by Jason Garrison and loses puck.
1:45 of 3rd period - Wrist shot by Anthony Richard.
1:45 of 3rd period - Shot Blocked by Dalton Prout.
2:09 of 3rd period - Slapshot by Marian Studenic.
2:09 of 3rd period - Shot Misses the Net.
2:11 of 3rd period - Snap shot by Nicolas Roy.
2:11 of 3rd period - Deflect By Ross Colton.
2:11 of 3rd period - Shot Misses the Net.
2:11 of 3rd period - Puck is out of play.
2:12 of 3rd period - Nicolas Roy wins face-off versus Anthony Richard in Boisbriand Armada zone.
2:36 of 3rd period - Minor Penalty to Zach Redmond for Tripping.
2:37 of 3rd period - Mathieu Joseph wins face-off versus Brett Howden in Boisbriand Armada zone.
4:18 of 3rd period - Brett Howden is hit by Haydn Fleury.
4:36 of 3rd period - Penalty to Zach Redmond is over, Zach Redmond is back on ice.
4:40 of 3rd period - Snap shot by Zach Redmond.
4:40 of 3rd period - Stopped by Devin Williams without a rebound.
4:41 of 3rd period - Julien Gauthier wins face-off versus Boo Nieves in Hershey Bears zone.
4:44 of 3rd period - Slapshot by Anthony Richard.
4:44 of 3rd period - Stopped by Devin Williams with a rebound.
4:52 of 3rd period - Wrist shot by Boo Nieves.
4:52 of 3rd period - Goal by Boo Nieves - Boisbriand Armada : 0 - Hershey Bears : 5.
4:53 of 3rd period - Brett Howden wins face-off versus Taylor Raddysh in neutral zone.
4:57 of 3rd period - Cory Conacher and Taylor Raddysh fight to a draw.
4:57 of 3rd period - Penalty to Cory Conacher for Fighting.
4:57 of 3rd period - Penalty to Taylor Raddysh for Fighting.
4:58 of 3rd period - Brett Howden wins face-off versus Max Jones in neutral zone.
5:05 of 3rd period - Slapshot by Teddy Blueger.
5:05 of 3rd period - Shot Blocked by John Gilmour.
5:11 of 3rd period - Teddy Blueger is hit by Zach Redmond and loses puck.
5:24 of 3rd period - Nick DeSimone is hit by Otto Koivula and loses puck.
5:49 of 3rd period - Anthony Richard is hit by Igor Ozhiganov and loses puck.
6:22 of 3rd period - Alex Barre-Boulet is hit by Nick DeSimone and loses puck.
7:18 of 3rd period - Minor Penalty to Jarred Tinordi for Hooking.
7:19 of 3rd period - Brett Howden wins face-off versus Conor Garland in Boisbriand Armada zone.
7:48 of 3rd period - Slapshot by Zach Redmond.
7:48 of 3rd period - Deflect By Otto Koivula.
7:48 of 3rd period - Stopped by Devin Williams without a rebound.
7:49 of 3rd period - Brett Howden wins face-off versus Adam Erne in Hershey Bears zone.
8:14 of 3rd period - Snap shot by Brendan Gaunce.
8:14 of 3rd period - Shot Misses the Net.
8:16 of 3rd period - Slapshot by Matt Donovan.
8:16 of 3rd period - Shot Misses the Net.
8:18 of 3rd period - Snap shot by Brendan Gaunce.
8:18 of 3rd period - Shot Misses the Net.
8:20 of 3rd period - Snap shot by Nick DeSimone.
8:20 of 3rd period - Deflect By Brendan Gaunce.
8:20 of 3rd period - Stopped by Keith Kinkaid with a rebound.
8:22 of 3rd period - Slapshot by Matt Donovan.
8:22 of 3rd period - Deflect By Brendan Gaunce.
8:22 of 3rd period - Shot Blocked by Xavier Ouellet.
8:22 of 3rd period - Puck is out of play.
8:23 of 3rd period - Conor Garland wins face-off versus Brett Howden in Boisbriand Armada zone.
8:34 of 3rd period - Wrist shot by Nick DeSimone.
8:34 of 3rd period - Stopped by Keith Kinkaid without a rebound.
8:35 of 3rd period - Conor Garland wins face-off versus Brett Howden in Boisbriand Armada zone.
9:00 of 3rd period - John Gilmour is hit by Travis St. Denis and loses puck.
9:18 of 3rd period - Penalty to Jarred Tinordi is over, Jarred Tinordi is back on ice.
9:27 of 3rd period - Zach Redmond is hit by Boo Nieves and loses puck.
9:38 of 3rd period - Wrist shot by Julien Gauthier.
9:38 of 3rd period - Stopped by Devin Williams with a rebound.
9:52 of 3rd period - Wrist shot by Adam Erne.
9:52 of 3rd period - Goal by Adam Erne - Boisbriand Armada : 1 - Hershey Bears : 5.
9:53 of 3rd period - Alex Barre-Boulet wins face-off versus Brett Howden in neutral zone.
10:02 of 3rd period - Snap shot by Teddy Blueger.
10:02 of 3rd period - Stopped by Keith Kinkaid with a rebound.
10:48 of 3rd period - Brett Pollock and Julien Gauthier fight to a draw.
10:48 of 3rd period - Penalty to Brett Pollock for Fighting.
10:48 of 3rd period - Penalty to Julien Gauthier for Fighting.
10:49 of 3rd period - Brett Howden wins face-off versus Taylor Raddysh in Boisbriand Armada zone.
11:37 of 3rd period - Wrist shot by Nicolas Roy.
11:37 of 3rd period - Stopped by Keith Kinkaid with a rebound.
11:39 of 3rd period - Slapshot by Dalton Prout.
11:39 of 3rd period - Shot Blocked by Jason Garrison.
11:41 of 3rd period - Slapshot by Nicolas Roy.
11:41 of 3rd period - Stopped by Keith Kinkaid with a rebound.
11:43 of 3rd period - Snap shot by Nicolas Roy.
11:43 of 3rd period - Shot Misses the Net.
12:13 of 3rd period - Xavier Ouellet is hit by Teddy Blueger and loses puck.
12:18 of 3rd period - Slapshot by Brett Howden.
12:18 of 3rd period - Stopped by Keith Kinkaid with a rebound.
12:34 of 3rd period - Snap shot by Xavier Ouellet.
12:34 of 3rd period - Shot Misses the Net.
12:36 of 3rd period - Slapshot by Jason Garrison.
12:36 of 3rd period - Stopped by Devin Williams without a rebound.
12:37 of 3rd period - Brendan Gaunce wins face-off versus Anthony Richard in Hershey Bears zone.
13:02 of 3rd period - Brett Howden is hit by Conor Garland and loses puck.
13:25 of 3rd period - Wrist shot by Adam Erne.
13:25 of 3rd period - Shot Misses the Net.
13:27 of 3rd period - Snap shot by Adam Erne.
13:27 of 3rd period - Deflect By Otto Koivula.
13:27 of 3rd period - Shot Misses the Net.
13:27 of 3rd period - Puck is out of play.
13:28 of 3rd period - Brendan Gaunce wins face-off versus Alex Barre-Boulet in Hershey Bears zone.
14:19 of 3rd period - Snap shot by Anthony Richard.
14:19 of 3rd period - Stopped by Devin Williams with a rebound.
14:22 of 3rd period - Icing by Colby Sissons.
14:23 of 3rd period - Alex Barre-Boulet wins face-off versus Boo Nieves in Hershey Bears zone.
15:00 of 3rd period - Icing by Taylor Raddysh.
15:01 of 3rd period - Anthony Richard wins face-off versus Brendan Gaunce in Boisbriand Armada zone.
15:32 of 3rd period - Slapshot by Brendan Gaunce.
15:32 of 3rd period - Stopped by Keith Kinkaid with a rebound.
16:09 of 3rd period - Snap shot by Anthony Richard.
16:09 of 3rd period - Deflect By Julien Gauthier.
16:09 of 3rd period - Deflect By Dalton Prout.
16:09 of 3rd period - Stopped by Devin Williams with a rebound.
16:11 of 3rd period - Snap shot by Alexandre Fortin.
16:11 of 3rd period - Stopped by Devin Williams with a rebound.
16:13 of 3rd period - Slapshot by Julien Gauthier.
16:13 of 3rd period - Shot Misses the Net.
16:15 of 3rd period - Snap shot by Alexandre Fortin.
16:15 of 3rd period - Stopped by Devin Williams without a rebound.
16:16 of 3rd period - Taylor Raddysh wins face-off versus Brett Howden in Hershey Bears zone.
16:29 of 3rd period - Snap shot by Conor Garland.
16:29 of 3rd period - Deflect By Mathieu Joseph.
16:29 of 3rd period - Shot Blocked by Cory Conacher.
16:29 of 3rd period - Puck is out of play.
16:30 of 3rd period - Taylor Raddysh wins face-off versus Brendan Gaunce in Hershey Bears zone.
17:21 of 3rd period - Julien Gauthier is hit by Riley Stillman and loses puck.
17:48 of 3rd period - Slapshot by Brendan Gaunce.
17:48 of 3rd period - Stopped by Keith Kinkaid without a rebound.
17:49 of 3rd period - Brett Howden wins face-off versus Alex Barre-Boulet in Boisbriand Armada zone.
18:03 of 3rd period - Icing by Cory Conacher.
18:04 of 3rd period - Taylor Raddysh wins face-off versus Brett Howden in Hershey Bears zone.
18:15 of 3rd period - Snap shot by Conor Garland.
18:15 of 3rd period - Stopped by Devin Williams with a rebound.
18:22 of 3rd period - Off-side.
18:23 of 3rd period - Alex Barre-Boulet wins face-off versus Brendan Gaunce in neutral zone.
18:28 of 3rd period - Backhand shot by Adam Erne.
18:28 of 3rd period - Stopped by Devin Williams with a rebound.
18:50 of 3rd period - Brett Howden is hit by Taylor Raddysh.
19:01 of 3rd period - Icing by Igor Ozhiganov.
19:02 of 3rd period - Brett Howden wins face-off versus Alex Barre-Boulet in Hershey Bears zone.
19:12 of 3rd period - Icing by Zach Redmond.
19:13 of 3rd period - Alex Barre-Boulet wins face-off versus Brendan Gaunce in Boisbriand Armada zone.
19:13 of 3rd period - Alex Barre-Boulet is hit by Travis St. Denis.
19:23 of 3rd period - Slapshot by Alex Barre-Boulet.
19:23 of 3rd period - Shot Misses the Net.
19:25 of 3rd period - Slapshot by John Gilmour.
19:25 of 3rd period - Stopped by Devin Williams without a rebound.
19:26 of 3rd period - Taylor Raddysh wins face-off versus Brett Howden in Hershey Bears zone.
19:34 of 3rd period - Minor Penalty to Teddy Blueger for Unsportsmanlike conduct.
19:35 of 3rd period - Colby Cave wins face-off versus Taylor Raddysh in Hershey Bears zone.
Goals for this period are 1 for Boisbriand Armada vs 1 for Hershey Bears.
Shots for this period are 15 for Boisbriand Armada vs 9 for Hershey Bears.